 Dungeon Crawl Stone Soup version 0.29.1-15-g9cfb28693d (webtiles) character file.

Game seed: 3993434574407884193

1459 Eitelfritz the Cleaver (level 8, 0/70 HPs)
             Began as a Hill Orc Fighter on Apr 1, 2023.
             Slain by an orc warrior
             ... wielding a +0 halberd
              (15 damage)
             ... in a bailey.
             The game lasted 00:10:03 (6342 turns).

Eitelfritz the Cleaver (Hill Orc Fighter)           Turns: 6342, Time: 00:10:04

Health: 0/70       AC: 14    Str: 21    XL:     8   Next: 76%
Magic:  8/8        EV:  8    Int:  8    God:
Gold:   339        SH:  4    Dex: 10    Spells: 7/7 levels left

rFire   + . .      SeeInvis .   a - +1 war axe
rCold   . . .      Faith    .   c - +0 buckler
rNeg    . . .      Spirit   .   F - +0 chain mail
rPois   .          Reflect  .   s - +0 helmet
rElec   .          Harm     .   t - +2 cloak
rCorr   .          Rampage  .   (no gloves)
Will    .....                   (no boots)
Stlth   ..........              (no amulet)
HPRegen 0.21/turn               D - ring of protection from fire
MPRegen 0.11/turn               (no ring)

@: no status effects
A: no striking features
a: no special abilities


You were in a bailey.
You visited 2 branches of the dungeon, and saw 8 of its levels.
You also visited: Bailey.

You collected 339 gold pieces.

Inventory:

Hand Weapons
 a - a +1 war axe (weapon)
 b - a +4 sling
 m - a +0 morningstar
 q - a +1 flail of protection
Missiles
 u - 20 poisoned darts (quivered)
 w - 5 boomerangs
Armour
 c - a +0 buckler (worn)
 d - a +0 troll leather armour
 s - a +0 helmet (worn)
 t - a +2 cloak (worn)
 F - a +0 chain mail (worn)
Jewellery
 D - a ring of protection from fire (left hand)
Wands
 j - a wand of charming (6)
 r - a wand of roots (27)
 y - a wand of polymorph (12)
Scrolls
 i - a scroll of poison {unknown}
 k - a scroll of teleportation
 n - a scroll of fear
 x - a scroll of amnesia {unknown}
 z - a scroll of summoning {unknown}
 A - a scroll of brand weapon {unknown}
 B - a scroll of enchant armour
Potions
 e - a potion of cancellation
 f - 6 potions of curing
 g - a potion of attraction {unknown}
 h - a potion of berserk rage {unknown}
 l - 2 potions of flight
 o - a potion of lignification {unknown}
 p - a potion of resistance {unknown}
 v - 3 potions of heal wounds
 C - a potion of brilliance {unknown}
 E - a potion of degeneration {unknown}


   Skills:
 + Level 5.9 Fighting
 + Level 9.8 Axes
 + Level 0.4 Ranged Weapons
 + Level 0.3 Throwing
 + Level 6.0 Armour
 + Level 2.2 Dodging
 + Level 0.7 Stealth
 + Level 4.7 Shields


You had 7 spell levels left.
You didn't know any spells.
Your spell library contained the following spells:

 Spells                   Type           Power      Damage    Failure   Level
 Sandblast                Erth           0%         2d4       99%         1
 Passwall                 Tmut/Erth      0%         N/A       100%        2
 Dazzling Flash           Conj/Hex       0%         N/A       100%        3
 Stone Arrow              Conj/Erth      0%         3d7       100%        3
 Agony                    Necr           0%         N/A       100%        5
 Silence                  Hex/Air        0%         N/A       100%        5


Dungeon Overview and Level Annotations

Branches:
Dungeon (8/15)             Temple (1/1) D:5          Bailey (1/1)
   Lair: D:8-11

Altars:
Ashenzari
Cheibriados
Elyvilon
Fedhas
Hepliaklqana
Kikubaaqudgha
Makhleb
Nemelex Xobeh
Okawaru
Qazlal
Ru
Wu Jian
Xom
Yredelemnul
The Shining One


Message History

The orc moves out of view.
An orc warrior comes into view. It is wielding a +0 glaive.
There is a large open door here.
The orc warrior moves out of view.
The orc hits you from afar with a +0 trident.
An orc warrior comes into view. It is wielding a +0 halberd.
The orc warrior shouts!
You hear a shout! x2
An orc comes into view. It is wielding a +0 trident.
The orc warrior barely misses you. The orc hits you but does no damage.
The orc attacks as you move away! You block the orc's attack. x2
You block the orc's attack.
The orc warrior hits you with a +0 halberd.
You hit the orc warrior.
The orc warrior is lightly wounded.
You hit the orc.
The orc warrior hits you from afar with a +0 glaive!
The orc hits you but does no damage.
The orc warrior hits you with a +0 halberd!
You slash the orc warrior!
The orc warrior is moderately wounded.
You barely miss the orc. You block the orc warrior's attack.
The orc hits you with a +0 trident. The orc hits you but does no damage.
The orc warrior barely misses you.
You hit the orc warrior.
The orc warrior is moderately wounded.
You hit the orc but do no damage.
The orc warrior hits you from afar with a +0 glaive!
You block the orc's attack.
The orc warrior hits you but does no damage.
You hit the orc warrior.
The orc warrior is heavily wounded.
You hit the orc.
You kill the orc!
The orc warrior hits you from afar with a +0 glaive!
* * * LOW HITPOINT WARNING * * *
The orc barely misses you. The orc warrior barely misses you.
The orc warrior attacks as you move away!
The orc warrior hits you with a +0 halberd!
You die...

≈≈...#....#...♣♣♣
≈≈≈≈≈#....#≈≈≈≈≈♣♣#
≈≈≈≈ #....#≈≈≈≈≈≈≈#
≈≈≈≈ #...)#≈≈≈≈≈≈≈#
.≈≈≈≈#....#≈≈≈≈≈≈≈#
.....#..).#....≈≈≈#
......oo........≈≈#
##.♣♣.o.....♣.♣..♣#
#.♣..)@........♣♣
#............###
##..........##
#..........#
#♣..∩..∩..♣#
♣........♣
♣♣......♣♣ ♣♣♣♣♣♣♣♣


You could see 2 orc warriors and an orc.

Vanquished Creatures
  A troll (D:8)
  An orc warrior (Bailey)
  3 wolves (D:8)
  An ogre (D:6)
  A kobold brigand (D:6)
  A phantom (D:4)
  A scorpion (D:4)
  7 hounds
  2 jellies (D:5)
  2 orc priests
  Natasha (twice) (D:2)
  An iguana (D:4)
  2 orc wizards
  Robin (D:2)
  5 adders
  A white imp (D:5)
  2 ufetubi (D:4)
  2 worms
  A dart slug (D:2)
  18 orcs
  6 ball pythons
  3 endoplasms (D:1)
  2 giant cockroaches
  16 goblins
  4 hobgoblins
  9 kobolds
  A quokka (D:5)
  5 bats
  5 frilled lizards
  3 rats
109 creatures vanquished.

Vanquished Creatures (others)
  A withered plant (D:1)
1 creature vanquished.

Grand Total: 110 creatures vanquished

Notes
Turn   | Place    | Note
-------+----------+-------------------------------------------
     0 | D:1      | Eitelfritz the Hill Orc Fighter began the quest for the
                  | Orb.
     0 | D:1      | Reached XP level 1. HP: 19/19 MP: 1/1
    94 | D:1      | Found a faded altar of an unknown god.
   276 | D:1      | Reached XP level 2. HP: 22/27 MP: 2/2
   615 | D:1      | Reached skill level 3 in Axes
  1012 | D:2      | Reached XP level 3. HP: 29/33 MP: 3/3
  1283 | D:2      | Noticed Natasha
  1291 | D:2      | Killed Natasha
  1436 | D:2      | Reached XP level 4. HP: 37/40 MP: 4/4
  1683 | D:2      | Reached skill level 4 in Axes
  1819 | D:2      | Noticed Natasha
  1833 | D:2      | Killed Natasha
  1834 | D:2      | Reached skill level 1 in Dodging
  2189 | D:2      | Noticed Robin
  2205 | D:2      | Killed Robin
  2206 | D:2      | Reached XP level 5. HP: 14/46 MP: 5/5
  3666 | D:4      | Reached skill level 5 in Axes
  3666 | D:4      | Reached XP level 6. HP: 53/53 MP: 6/6
  3753 | D:4      | Reached skill level 6 in Axes
  4174 | D:5      | Entered Level 5 of the Dungeon
  4323 | D:5      | Reached XP level 7. HP: 59/60 MP: 7/7
  4519 | D:5      | Reached skill level 5 in Fighting
  4873 | D:5      | Found a staircase to the Ecumenical Temple.
  5081 | Temple   | Entered the Ecumenical Temple
  5215 | D:6      | Reached skill level 7 in Axes
  5215 | D:6      | Reached skill level 5 in Armour
  5759 | D:6      | You fall into a shaft and drop 2 floors!
  5763 | D:8      | Noticed a troll
  5780 | D:8      | Killed a troll
  5781 | D:8      | Reached skill level 8 in Axes
  5781 | D:8      | Reached XP level 8. HP: 5/69 MP: 8/8
  5781 | D:8      | HP: 2/69 [hound (3)]
  5824 | D:8      | Reached skill level 9 in Axes
  6066 | D:8      | Found a flagged portal.
  6095 | Bailey   | Entered a bailey
  6342 | Bailey   | Slain by an orc warrior

Illustrated notes

Levels and vault maps discovered:
D:1:      minmay_arrival_five_plusses, layout_basic,
          ebering_ecumenical_altar_petrified
D:2:      layout_basic, uniq_natasha, uniq_robin
D:3:      minmay_skewed_foursquare, layout_basic
D:4:      layout_rooms
D:5:      layout_gridville, temple_statues, minivault_1,
          amcnicky_mini_rare_corridor_liquid, hex_tiny
D:6:      layout_loops_ring, mainiacjoe_overflow_alcove_3
D:8:      layout_loops_ring, old_standard_altar, erik_lair_island,
          enter_bailey_6, uniq_maurice
Temple:   minmay_freezing_vapour_temple
Bailey:   bailey_polearm_elven_captive_hellmonk, bailey

Skill      XL: |  1  2  3  4  5  6  7  8 |
---------------+-------------------------+-----
Axes           | 3 4 5 6 8 9 |  9.8
Fighting       | 4 5 |  5.9
Dodging        | 1 2 |  2.2
Armour         | 4 5 6 |  6.0
Shields        | 4 |  4.7
Ranged Weapons | |  0.4
Throwing       | |  0.3
Stealth        | |  0.7

Action                   |  1- 3 |  4- 6 |  7- 9 || total
-------------------------+-------+-------+-------++-------
Melee: War axe           |    93 |   166 |   141 ||   400
 Fire: Sling             |       |     1 |     7 ||     8
Throw: Dart              |       |       |     2 ||     2
  Use: Scroll            |       |    10 |     2 ||    12
       Potion            |       |       |     2 ||     2
Armor: Scale mail        |    40 |    80 |    34 ||   154
       Chain mail        |       |       |    45 ||    45
Dodge: Dodged            |    39 |    85 |    63 ||   187
Block: Buckler           |    22 |    41 |    37 ||   100
